 Dungeon Crawl Stone Soup version 0.30-a0-223-gcb0039aa0c (webtiles) character file.

Game seed: 8035567848182047650

58578 qw the Severer (level 14, -27/92 HPs)
             Began as a Gargoyle Fighter on Oct 9, 2022.
             Was a High Priest of Okawaru.
             Killed from afar by a lich (31 damage)
             ... with a bolt of cold
             ... on level 3 of the Abyss.
             The game lasted 00:08:31 (18869 turns).

qw the Severer (Gargoyle Fighter)                  Turns: 18869, Time: 00:08:31

Health: -27/92     AC: 39    Str: 27    XL:     14   Next: 91%
Magic:  17/21      EV: 10    Int: 15    God:    Okawaru [*****.]
Gold:   798        SH:  9    Dex:  9    Spells: 13/13 levels left

rFire   + . .      SeeInvis .    h - +5 broad axe (drain)
rCold   . . .      Faith    .    i - +2 buckler of a Labyrinth {Int+5}
rNeg    + . .      Spirit   .    j - +0 plate armour
rPois   inf        Reflect  .    b - +2 helmet
rElec   +          Harm     .    q - +0 cloak
rCorr   .          Rampage  .    g - +2 pair of gloves {Str+3}
Will    +....                    m - +0 pair of boots
Stlth   ..........               (no amulet)
HPRegen 0.35/turn                p - ring of protection from fire
MPRegen 0.17/turn                (no ring)

@: about to teleport, heroic, finesse-ful, flying, slowed, very slow
A: sickness immunity, AC +10, big wings, negative energy resistance 1,
electricity resistance, torment resistance 1, petrification resistance
a: Renounce Religion, Heroism, Finesse, Duel


You were on level 3 of the Abyss.
You worshipped Okawaru.
Okawaru was extremely pleased with you.
You visited 3 branches of the dungeon, and saw 19 of its levels.
You visited the Abyss 1 time.

You collected 1034 gold pieces.
You spent 236 gold pieces at shops.


Innate Abilities, Weirdness & Mutations

You are immune to sickness and miasma.
Your stone body is resilient. (AC +10)
You are immune to poison.
Your large and strong wings let you fly.
You resist negative energy. (rN+)
You are resistant to electric shocks. (rElec)
You are resistant to unholy torment.
You are immune to petrification.


   Skills:
 - Level 12.0(17.0) Fighting
 + Level 16.0(21.0) Axes
 - Level 3.0(8.0) Throwing
 - Level 12.0(17.0) Armour
 - Level 3.0(8.0) Dodging
 - Level 8.1(13.1) Shields
 - Level 10.0 Invocations


You had 13 spell levels left.
You didn't know any spells.
Your spell library was empty.

Inventory:

Hand Weapons
 e - a -1 morningstar
 h - a +5 broad axe of draining (weapon)
Missiles
 c - a boomerang (quivered)
Armour
 b - a +2 helmet (worn)
 g - a +2 pair of gloves of strength (worn)
 i - the +2 buckler of a Labyrinth (worn) {Int+5}
   (You acquired it on level 8 of the Dungeon)

   Int:       It affects your intelligence (+5).
 j - a +0 plate armour (worn)
 m - a +0 pair of boots (worn)
 q - a +0 cloak (worn)
Jewellery
 p - a ring of protection from fire (left hand)
 r - a ring of ice
Scrolls
 f - 6 scrolls of identify
 o - a scroll of teleportation
Potions
 a - 6 potions of attraction
 d - 6 potions of might
 k - 3 potions of lignification
 l - 4 potions of curing
 n - 2 potions of resistance
 t - a potion of heal wounds

Dungeon Overview and Level Annotations

Branches:
Dungeon (13/15)            Temple (1/1) D:7            Lair (5/5) D:11
 Shoals (0/4) Lair:2       Spider (0/4) Lair:2        Slime (0/5) Lair:4
    Orc (0/2) D:9
 Vaults: D:13-14

Altars:
Ashenzari
Cheibriados
Dithmenos
Elyvilon
Fedhas
Gozag
Hepliaklqana
Kikubaaqudgha
Makhleb
Nemelex Xobeh
Okawaru
Qazlal
Ru
Sif Muna
Trog
Uskayaw
Vehumet
Wu Jian
Xom
Yredelemnul
Zin
The Shining One
Jiyva

Shops:
D:6 [

Annotations:
D:9 4 runed translucent doors


Message History

The bolt of cold hits you but does no damage.
The bolt of cold hits something!
The ancient zyme hits you but does no damage.
The ancient zyme hits you.
You hear some strange, mumbled words.
You feel as though you will be slow longer.
18862 ||| DRINKING 2 potions of heal wounds.
You feel much better.
Something touches you but does no damage.
The ancient zyme hits you but does no damage. x2
Something touches you but does no damage.
You block the ancient zyme's attack. The ancient zyme closely misses you.
You slash the ancient zyme!
The ancient zyme is moderately damaged.
You hit something but do no damage.
Something touches you but does no damage.
You slice the ancient zyme!!
The ancient zyme is severely damaged.
You slice something!!
The ancient zyme hits you but does no damage.
The ancient zyme hits you.
Something touches you but does no damage.
You slash the ancient zyme!
You destroy the ancient zyme!
Okawaru accepts your kill.
You hit something. You slice something!!
You hear some strange, mumbled words.
A bolt of cold appears from out of thin air!
The bolt of cold misses you. The bolt of cold hits you!!
The bolt of cold hits something!
You hit something.
Something touches you but does no damage.
You miss something.
Something touches you but does no damage.
You hit something but do no damage.
You hear some strange, mumbled words.
A bolt of cold appears from out of thin air!
The bolt of cold hits you!!
You die...

## #. ## # #.
#..## #...###
.## ##.#..# .
# #.##..### .
#.@....#
#.{#.### ..#
#......# . # .
...### ..## ..
..###.........
#.. .. ##.#. #
.. # # #. #.
.#. .##.. . .
.. ... #. ###
#


There were no monsters in sight!

Vanquished Creatures
  Rupert (Lair:3)
  Gastronok (Lair:2)
  3 dire elephants (Lair:5)
  Snorg (Lair:3)
  Fannar (Lair:3)
  3 hydras
  A catoblepas (Lair:5)
  A boulder beetle (D:12)
  2 two-headed ogres
  A death yak (Lair:5)
  A fire crab (Lair:5)
  A spectral anaconda (Lair:5)
  A sixfirhy (Abyss:3)
  An obsidian statue (Lair:5)
  2 lindwurms
  3 necromancers (Lair:5)
  An oklob plant (Lair:1)
  A deep elf pyromancer (D:13)
  A wolf spider (Lair:5)
  An ugly thing (D:11)
  A cyclops (D:11)
  14 elephants
  6 black mambas
  A rime drake (Lair:5)
  11 cane toads
  2 komodo dragons
  A tengu conjurer (D:13)
  An ancient zyme (Abyss:3)
  A merfolk (Lair:2)
  A meliai (shapeshifter) (D:13)
  4 polar bears
  2 hornets
  8 trolls
  3 slime creatures (D:12)
  12 blink frogs
  A raiju (Abyss:3)
  Prince Ribbit (Lair:2)
  A spectral elephant (Lair:5)
  2 vampires
  61 yaks
  2 culicivoras (Lair:2)
  A jumping spider (Lair:2)
  4 wyverns
  4 shadows
  A basilisk (Lair:5)
  2 steam dragons
  3 wraiths
  2 death yak simulacra (Lair:5)
  8 vampire mosquitoes
  4 redbacks (Lair:2)
  2 acid dragons
  19 water moccasins
  4 orc warriors
  Duvessa (D:4)
  5 black bears
  2 ogres (D:5)
  37 wolves
  An elephant skeleton (Lair:5)
  2 small abominations (Abyss:3)
  4 phantoms
  12 bullfrogs
  A cane toad simulacrum (Lair:5)
  7 scorpions
  A gnoll sergeant (D:9)
  4 wights (D:10)
  Dowan (D:4)
  13 killer bees
  An elephant simulacrum (Lair:5)
  5 howler monkeys
  8 electric eels
  A jelly (D:5)
  2 orc priests
  5 gnoll boudas
  9 hounds
  An iron imp (Abyss:3)
  An iguana (D:5)
  12 orc wizards
  7 hell rats (Lair:5)
  23 gnolls
  12 adders
  3 shadow imps
  13 white imps
  4 ufetubi
  3 worms
  A dart slug (D:1)
  25 orcs
  12 bats
  4 endoplasms
  6 giant cockroaches
  3 hobgoblins
  8 jackals
  4 kobolds
  3 quokkas
  6 ball pythons
  3 frilled lizards (D:1)
  4 goblins
  6 rats
504 creatures vanquished.

Vanquished Creatures (others)
  A spectral elephant (Lair:5)
  47 fungi
  49 plants
  17 withered plants (Lair:5)
114 creatures vanquished.

Grand Total: 618 creatures vanquished

Notes
Turn   | Place    | Note
-------+----------+-------------------------------------------
     0 | D:1      | qw the Gargoyle Fighter began the quest for the Orb.
     0 | D:1      | Reached XP level 1. HP: 14/14 MP: 1/1
     0 | D:1      | 0 ||| qw: Version: 0.2-a-17-g06abaee
     0 | D:1      | 0 ||| qw: Game counter: 2132
     0 | D:1      | 0 ||| qw: Always use a shield: true
     0 | D:1      | 0 ||| qw: God list: Okawaru
     0 | D:1      | 0 ||| qw: Allow faded altars: false
     0 | D:1      | 0 ||| qw: Do Orc after D:15 true
     0 | D:1      | 0 ||| qw: Do second Lair branch before Depths: true
     0 | D:1      | 0 ||| qw: Lair rune preference: random
     0 | D:1      | 0 ||| qw: Plans: Normal, Zot:1-4, God:TSO, Crypt, Tomb,
                  | Pan, Slime:5, Hells, Abyss, Orb
     0 | D:1      | 0 ||| PLANNING D:1-11
   181 | D:1      | Reached skill level 2 in Axes
   291 | D:1      | Reached XP level 2. HP: 19/19 MP: 2/2
   329 | D:1      | 329 ||| Stepping ~*~*~tactically~*~*~ (stealth).
   514 | D:1      | 514 ||| Stepping ~*~*~tactically~*~*~ (hiding).
   525 | D:1      | Reached skill level 3 in Axes
   896 | D:1      | 896 ||| UPGRADING to amulet of guardian spirit.
   901 | D:1      | 901 ||| READING scroll labelled INEMYDUEVI.
   902 | D:1      | 902 ||| READING scroll labelled IRGHIA IPROSSU.
   903 | D:1      | 903 ||| READING scroll labelled LUORUA FIYGGYU.
   962 | D:2      | Found a faded altar of an unknown god.
   966 | D:2      | 966 ||| Stepping randomly (stuck).
   967 | D:2      | 967 ||| Stepping randomly (stuck).
   968 | D:2      | 968 ||| Stepping randomly (stuck).
   969 | D:2      | 969 ||| Stepping randomly (stuck).
   970 | D:2      | 970 ||| Stepping randomly (stuck).
   971 | D:2      | 971 ||| Stepping randomly (stuck).
   972 | D:2      | 972 ||| Stepping randomly (stuck).
   978 | D:2      | Reached XP level 3. HP: 22/23 MP: 3/3
  1106 | D:2      | 1106 ||| Stepping ~*~*~tactically~*~*~ (stealth).
  1150 | D:2      | 1150 ||| Stepping ~*~*~tactically~*~*~ (stealth).
  1159 | D:2      | 1159 ||| Stepping ~*~*~tactically~*~*~ (stealth).
  1161 | D:2      | 1161 ||| Stepping ~*~*~tactically~*~*~ (stealth).
  1169 | D:2      | 1169 ||| FLEEEEING.
  1170 | D:2      | 1170 ||| FLEEEEING.
  1171 | D:2      | 1171 ||| FLEEEEING.
  1178 | D:2      | 1178 ||| STAIRDANCE
  1189 | D:1      | 1189 ||| READING scroll labelled LUD DELLYC GUE.
  1200 | D:2      | 1200 ||| Stepping ~*~*~tactically~*~*~ (stealth).
  1201 | D:2      | 1201 ||| Stepping ~*~*~tactically~*~*~ (stealth).
  1242 | D:2      | Reached XP level 4. HP: 28/28 MP: 4/4
  1372 | D:2      | 1372 ||| DROPPING +0 club.
  1591 | D:3      | 1591 ||| STAIRDANCE
  1604 | D:3      | 1604 ||| STAIRDANCE
  1644 | D:3      | 1644 ||| Stepping ~*~*~tactically~*~*~ (stealth).
  1646 | D:3      | 1646 ||| Stepping ~*~*~tactically~*~*~ (stealth).
  1647 | D:3      | 1647 ||| Stepping ~*~*~tactically~*~*~ (stealth).
  1650 | D:3      | 1650 ||| Stepping ~*~*~tactically~*~*~ (stealth).
  1651 | D:3      | 1651 ||| FLEEEEING.
  1652 | D:3      | 1652 ||| FLEEEEING.
  1653 | D:3      | 1653 ||| FLEEEEING.
  1654 | D:3      | 1654 ||| FLEEEEING.
  1655 | D:3      | 1655 ||| STAIRDANCE
  1665 | D:3      | 1665 ||| STAIRDANCE
  1670 | D:2      | Reached skill level 4 in Axes
  1715 | D:3      | 1715 ||| STAIRDANCE
  1720 | D:2      | 1720 ||| READING 2 scrolls of identify.
  1720 | D:2      | 1720 ||| IDENTIFYING metallic yellow potion
  1725 | D:3      | 1725 ||| STAIRDANCE
  1743 | D:3      | 1743 ||| STAIRDANCE
  1790 | D:3      | Reached XP level 5. HP: 23/32 MP: 2/5
  2009 | D:3      | Found a sacrificial altar of Ru.
  2153 | D:3      | 2153 ||| Stepping ~*~*~tactically~*~*~ (stealth).
  2234 | D:3      | 2234 ||| Stepping ~*~*~tactically~*~*~ (stealth).
  2237 | D:3      | Reached skill level 5 in Axes
  2346 | D:3      | 2346 ||| FLEEEEING.
  2618 | D:3      | 2618 ||| UPGRADING to +0 chain mail.
  2628 | D:3      | 2628 ||| DROPPING +0 scale mail.
  2629 | D:3      | 2629 ||| READING scroll labelled QOSTRA IJELOHAHE.
  2630 | D:3      | 2630 ||| DRINKING 3 pink potions.
  2755 | D:4      | 2755 ||| SWAPPING to +0 war axe of freezing.
  2756 | D:4      | 2756 ||| DROPPING +0 war axe.
  2794 | D:4      | Reached XP level 6. HP: 35/39 MP: 4/6
  2935 | D:4      | Noticed Duvessa
  2935 | D:4      | Noticed Dowan
  2939 | D:4      | 2939 ||| Stepping ~*~*~tactically~*~*~ (hiding).
  2940 | D:4      | 2940 ||| Stepping ~*~*~tactically~*~*~ (hiding).
  2955 | D:4      | Killed Duvessa
  2958 | D:4      | HP: 8/39 [Dowan/+0 dagger (3)]
  2959 | D:4      | 2959 ||| DRINKING 2 potions of heal wounds.
  2960 | D:4      | Killed Dowan
  3384 | D:4      | 3384 ||| UPGRADING to +0 chain mail of willpower.
  3394 | D:4      | 3394 ||| DROPPING +0 chain mail.
  3395 | D:4      | 3395 ||| READING scroll labelled SOTHRI UBOMUCI.
  3400 | D:4      | 3400 ||| READING scroll labelled XISSODEUTZ.
  3427 | D:4      | 3427 ||| DRINKING 3 white potions.
  3428 | D:4      | 3428 ||| READING 2 scrolls of identify.
  3428 | D:4      | 3428 ||| IDENTIFYING blue potion
  3429 | D:4      | 3429 ||| DROPPING potion of flight.
  3430 | D:4      | 3430 ||| DROPPING 2 potions of brilliance.
  3457 | D:5      | Entered Level 5 of the Dungeon
  3467 | D:5      | 3467 ||| Stepping ~*~*~tactically~*~*~ (stealth).
  3471 | D:5      | 3471 ||| Stepping ~*~*~tactically~*~*~ (stealth).
  3472 | D:5      | 3472 ||| Stepping ~*~*~tactically~*~*~ (stealth).
  3479 | D:5      | Reached skill level 6 in Axes
  3479 | D:5      | Reached XP level 7. HP: 40/44 MP: 5/7
  3504 | D:5      | 3504 ||| Stepping ~*~*~tactically~*~*~ (hiding).
  3505 | D:5      | 3505 ||| Stepping ~*~*~tactically~*~*~ (hiding).
  3507 | D:5      | 3507 ||| Stepping ~*~*~tactically~*~*~ (stealth).
  3508 | D:5      | 3508 ||| Stepping ~*~*~tactically~*~*~ (hiding).
  3518 | D:5      | Reached skill level 1 in Throwing
  3518 | D:5      | HP: 10/44 [gnoll/+0 flail[a gnoll bouda] (5)]
  3519 | D:5      | 3519 ||| DRINKING potion of heal wounds.
  3593 | D:5      | 3593 ||| DROPPING +0 mace.
  3620 | D:5      | Reached skill level 1 in Dodging
  3725 | D:5      | Reached skill level 7 in Axes
  3893 | D:5      | Reached XP level 8. HP: 48/49 MP: 8/8
  3963 | D:5      | Found a hazy altar of Hepliaklqana.
  4185 | D:5      | 4185 ||| READING scroll labelled ZASASU DEEC.
  4186 | D:5      | 4186 ||| DRINKING 2 viscous brown potions.
  4276 | D:6      | 4276 ||| Stepping ~*~*~tactically~*~*~ (hiding).
  4349 | D:6      | Reached skill level 8 in Axes
  4405 | D:6      | 4405 ||| Stepping ~*~*~tactically~*~*~ (stealth).
  4415 | D:6      | Reached skill level 6 in Fighting
  4454 | D:6      | 4454 ||| DROPPING -3 vorpal mace.
  4458 | D:6      | 4458 ||| DROPPING +0 flail.
  4629 | D:6      | Found Willeyca's Armour Shoppe.
  4639 | D:6      | 4639 ||| BUYING +2 pair of gloves of strength (236 gold).
  4639 | D:6      | Bought a +2 pair of gloves of strength for 236 gold pieces
  4639 | D:6      | 4639 ||| SHOPLISTING +2 scale mail of cold resistance (231
                  | gold, have 82).
  4655 | D:6      | Reached XP level 9. HP: 55/55 MP: 9/9
  4705 | D:6      | 4705 ||| Stepping ~*~*~tactically~*~*~ (stealth).
  4707 | D:6      | 4707 ||| Stepping ~*~*~tactically~*~*~ (stealth).
  4709 | D:6      | 4709 ||| Stepping ~*~*~tactically~*~*~ (stealth).
  4711 | D:6      | 4711 ||| Stepping ~*~*~tactically~*~*~ (hiding).
  4714 | D:6      | 4714 ||| Stepping ~*~*~tactically~*~*~ (hiding).
  4738 | D:6      | 4738 ||| Stepping ~*~*~tactically~*~*~ (stealth).
  4739 | D:6      | 4739 ||| Stepping ~*~*~tactically~*~*~ (stealth).
  4756 | D:6      | Reached skill level 9 in Axes
  5267 | D:6      | 5267 ||| UPGRADING to +2 pair of gloves of strength.
  5272 | D:6      | 5272 ||| UPGRADING to +0 plate armour.
  5282 | D:6      | 5282 ||| DROPPING +0 chain mail of willpower.
  5283 | D:6      | 5283 ||| READING scroll labelled FOIMME GASHROY.
  5284 | D:6      | 5284 ||| READING 3 scrolls of identify.
  5284 | D:6      | 5284 ||| IDENTIFYING murky pink potion
  5335 | D:7      | 5335 ||| STAIRDANCE
  5348 | D:6      | 5348 ||| Stepping ~*~*~tactically~*~*~ (cloud).
  5533 | D:7      | 5533 ||| Stepping ~*~*~tactically~*~*~ (stealth).
  5535 | D:7      | 5535 ||| Stepping ~*~*~tactically~*~*~ (hiding).
  5558 | D:7      | Noticed a hornet
  5559 | D:7      | 5559 ||| Stepping ~*~*~tactically~*~*~ (stealth).
  5585 | D:7      | HP: 8/55 [hornet (8)]
  5586 | D:7      | 5586 ||| READING scroll of teleportation.
  5588 | D:7      | Killed a hornet
  5913 | D:7      | 5913 ||| Stepping ~*~*~tactically~*~*~ (hiding).
  6026 | D:7      | Found a staircase to the Ecumenical Temple.
  6027 | D:7      | 6027 ||| PLANNING TEMPLE
  6027 | D:7      | 6027 ||| READING scroll labelled OBOUMPEMIARCH.
  6035 | Temple   | Entered the Ecumenical Temple
  6035 | Temple   | Found a transporter.
  6035 | Temple   | Found a transporter.
  6037 | Temple   | Found a transporter.
  6037 | Temple   | Found a transporter.
  6047 | Temple   | 6047 ||| PLANNING D:1-11
  6050 | Temple   | 6050 ||| PLANNING OKAWARU WORSHIP
  6057 | Temple   | Became a worshipper of Warmaster Okawaru
  6058 | Temple   | 6058 ||| PLANNING D:1-11
  6058 | Temple   | 6058 ||| REMOVING amulet of guardian spirit.
  6063 | Temple   | 6063 ||| DROPPING amulet of guardian spirit.
  6171 | D:7      | 6171 ||| Stepping ~*~*~tactically~*~*~ (hiding).
  6172 | D:7      | 6172 ||| Stepping ~*~*~tactically~*~*~ (hiding).
  6184 | D:7      | HP: 14/57 [gnoll/+0 halberd[a gnoll bouda] (19)]
  6185 | D:7      | 6185 ||| READING scroll of teleportation.
  6230 | D:7      | 6230 ||| FLEEEEING.
  6260 | D:7      | 6260 ||| Stepping ~*~*~tactically~*~*~ (hiding).
  6264 | D:7      | 6264 ||| Stepping ~*~*~tactically~*~*~ (hiding).
  6413 | D:7      | Found a stormy altar of Qazlal.
  6416 | D:7      | Found an ornate altar of the Wu Jian Council.
  6422 | D:7      | Found a burning altar of Makhleb.
  6584 | D:8      | 6584 ||| Stepping ~*~*~tactically~*~*~ (stealth).
  6596 | D:8      | 6596 ||| Stepping ~*~*~tactically~*~*~ (hiding).
  6598 | D:8      | 6598 ||| Stepping ~*~*~tactically~*~*~ (hiding).
  6615 | D:8      | Noticed a hornet
  6627 | D:8      | Killed a hornet
  6628 | D:8      | Reached skill level 10 in Axes
  6636 | D:8      | 6636 ||| Stepping ~*~*~tactically~*~*~ (stealth).
  6881 | D:8      | 6881 ||| Stepping ~*~*~tactically~*~*~ (stealth).
  6889 | D:8      | Reached skill level 6 in Armour
  6893 | D:8      | 6893 ||| Stepping ~*~*~tactically~*~*~ (stealth).
  6894 | D:8      | 6894 ||| Stepping ~*~*~tactically~*~*~ (stealth).
  6898 | D:8      | Reached XP level 10. HP: 62/63 MP: 10/10
  6898 | D:8      | Reached * piety under Okawaru
  6931 | D:8      | 6931 ||| INVOKING Heroism.
  6943 | D:8      | 6943 ||| INVOKING Heroism.
  6949 | D:8      | Reached skill level 1 in Invocations
  7021 | D:8      | 7021 ||| INVOKING Heroism.
  7031 | D:8      | 7031 ||| Stepping ~*~*~tactically~*~*~ (cloud).
  7109 | D:8      | Reached skill level 3 in Invocations
  7222 | D:8      | 7222 ||| INVOKING Heroism.
  7346 | D:8      | 7346 ||| INVOKING Heroism.
  7586 | D:8      | 7586 ||| UPGRADING to +0 helmet.
  7591 | D:8      | 7591 ||| READING scroll labelled COUNNU ZEUPNU.
  7591 | D:8      | Identified a scroll of acquirement
  7591 | D:8      | 7591 ||| ACQUIRING +2 buckler of a Labyrinth {Int+5}
  7591 | D:8      | Acquired the +2 buckler of a Labyrinth {Int+5}
  7593 | D:8      | 7593 ||| UPGRADING to +2 buckler of a Labyrinth {Int+5}.
  7603 | D:8      | 7603 ||| DROPPING +0 buckler.
  7741 | D:9      | 7741 ||| INVOKING Heroism.
  7748 | D:9      | Reached ** piety under Okawaru
  7917 | D:9      | 7917 ||| INVOKING Heroism.
  7935 | D:9      | Reached skill level 3 in Throwing
  7941 | D:9      | 7941 ||| INVOKING Heroism.
  7996 | D:9      | Found a runed translucent door.
  8012 | D:9      | Found a runed translucent door.
  8025 | D:9      | Found a runed translucent door.
  8064 | D:9      | Found a runed translucent door.
  8078 | D:9      | 8078 ||| Stepping ~*~*~tactically~*~*~ (stealth).
  8085 | D:9      | 8085 ||| INVOKING Heroism.
  8104 | D:9      | 8104 ||| SWAPPING to +2 war axe of draining.
  8112 | D:9      | 8112 ||| Stepping ~*~*~tactically~*~*~ (stealth).
  8113 | D:9      | Found a staircase to the Orcish Mines.
  8114 | D:9      | 8114 ||| INVOKING Heroism.
  8184 | D:9      | 8184 ||| INVOKING Heroism.
  8193 | D:9      | 8193 ||| Stepping ~*~*~tactically~*~*~ (stealth).
  8195 | D:9      | 8195 ||| Stepping ~*~*~tactically~*~*~ (stealth).
  8209 | D:9      | Reached skill level 11 in Axes
  8486 | D:9      | 8486 ||| READING scroll labelled ZAEKEA ATIHUTUY.
  8487 | D:9      | 8487 ||| READING 6 scrolls of identify.
  8487 | D:9      | 8487 ||| IDENTIFYING golden potion
  8488 | D:9      | 8488 ||| DROPPING potion of ambrosia.
  8508 | D:10     | Entered Level 10 of the Dungeon
  8520 | D:10     | 8520 ||| Stepping ~*~*~tactically~*~*~ (stealth).
  8521 | D:10     | 8521 ||| INVOKING Heroism.
  8522 | D:10     | 8522 ||| Stepping ~*~*~tactically~*~*~ (stealth).
  8530 | D:10     | Reached *** piety under Okawaru
  8531 | D:10     | Reached XP level 11. HP: 63/69 MP: 12/14
  8535 | D:10     | Reached skill level 9 in Fighting
  8537 | D:10     | 8537 ||| INVOKING Heroism.
  8741 | D:10     | 8741 ||| INVOKING Heroism.
  9067 | D:10     | 9067 ||| READING 5 scrolls of identify.
  9067 | D:10     | 9067 ||| IDENTIFYING metallic white potion
  9068 | D:10     | 9068 ||| READING 4 scrolls of identify.
  9068 | D:10     | 9068 ||| IDENTIFYING grey potion
  9069 | D:10     | 9069 ||| DROPPING potion of berserk rage.
  9145 | D:11     | 9145 ||| INVOKING Heroism.
  9157 | D:11     | Reached **** piety under Okawaru
  9255 | D:11     | Noticed a cyclops
  9256 | D:11     | 9256 ||| INVOKING Heroism.
  9262 | D:11     | Killed a cyclops
  9343 | D:11     | 9343 ||| INVOKING Heroism.
  9344 | D:11     | Found a staircase to the Lair.
  9345 | D:11     | Noticed a two-headed ogre
  9347 | D:11     | 9347 ||| Stepping ~*~*~tactically~*~*~ (water).
  9350 | D:11     | Received a gift from Okawaru
  9356 | D:11     | Killed a two-headed ogre
  9365 | D:11     | 9365 ||| FLEEEEING.
  9366 | D:11     | 9366 ||| FLEEEEING.
  9367 | D:11     | 9367 ||| FLEEEEING.
  9368 | D:11     | 9368 ||| FLEEEEING.
  9369 | D:11     | 9369 ||| FLEEEEING.
  9372 | D:11     | 9372 ||| FLEEEEING.
  9510 | D:11     | 9510 ||| INVOKING Heroism.
  9657 | D:11     | 9657 ||| DROPPING +3 flail.
  9692 | D:11     | Noticed a brown ugly thing
  9698 | D:11     | 9698 ||| INVOKING Heroism.
  9703 | D:11     | Killed a brown ugly thing
  9704 | D:11     | Reached skill level 12 in Axes
  9704 | D:11     | Reached skill level 6 in Invocations
  9828 | D:11     | 9828 ||| INVOKING Heroism.
 10185 | D:11     | 10185 ||| PLANNING LAIR
 10185 | D:11     | 10185 ||| UPGRADING to ring of protection from fire.
 10221 | Lair:1   | Entered Level 1 of the Lair of Beasts
 10221 | Lair:1   | Noticed an oklob plant
 10222 | Lair:1   | 10222 ||| INVOKING Heroism.
 10232 | Lair:1   | Killed an oklob plant
 10352 | Lair:1   | 10352 ||| INVOKING Heroism.
 10460 | Lair:1   | 10460 ||| Stepping ~*~*~tactically~*~*~ (stealth).
 10463 | Lair:1   | 10463 ||| Stepping ~*~*~tactically~*~*~ (stealth).
 10467 | Lair:1   | 10467 ||| INVOKING Heroism.
 10471 | Lair:1   | 10471 ||| Stepping ~*~*~tactically~*~*~ (stealth).
 10472 | Lair:1   | 10472 ||| Stepping ~*~*~tactically~*~*~ (stealth).
 10480 | Lair:1   | Reached skill level 6 in Shields
 10486 | Lair:1   | Reached ***** piety under Okawaru
 10487 | Lair:1   | Reached XP level 12. HP: 73/76 MP: 17/17
 10567 | Lair:1   | 10567 ||| INVOKING Heroism.
 10568 | Lair:1   | 10568 ||| Stepping ~*~*~tactically~*~*~ (stealth).
 10572 | Lair:1   | 10572 ||| Stepping ~*~*~tactically~*~*~ (stealth).
 10573 | Lair:1   | 10573 ||| Stepping ~*~*~tactically~*~*~ (stealth).
 10574 | Lair:1   | 10574 ||| Stepping ~*~*~tactically~*~*~ (stealth).
 10575 | Lair:1   | 10575 ||| Stepping ~*~*~tactically~*~*~ (stealth).
 10578 | Lair:1   | 10578 ||| Stepping ~*~*~tactically~*~*~ (stealth).
 10580 | Lair:1   | 10580 ||| Stepping ~*~*~tactically~*~*~ (stealth).
 10711 | Lair:1   | 10711 ||| INVOKING Heroism.
 11076 | Lair:1   | 11076 ||| INVOKING Heroism.
 11557 | Lair:1   | 11557 ||| READING scroll labelled NUMUBUUMEVY.
 11558 | Lair:1   | 11558 ||| READING scroll labelled AXUEMP DUCYHISOSCHI.
 11559 | Lair:1   | 11559 ||| DRINKING 2 sedimented clear potions.
 11560 | Lair:1   | 11560 ||| DROPPING potion of degeneration.
 11579 | Lair:2   | 11579 ||| INVOKING Heroism.
 11581 | Lair:2   | 11581 ||| STAIRDANCE
 11596 | Lair:2   | Received a gift from Okawaru
 11659 | Lair:2   | 11659 ||| INVOKING Heroism.
 11740 | Lair:2   | 11740 ||| INVOKING Heroism.
 11747 | Lair:2   | Reached skill level 9 in Invocations
 11753 | Lair:2   | Reached skill level 9 in Armour
 11755 | Lair:2   | Noticed Gastronok
 11769 | Lair:2   | Killed Gastronok
 11862 | Lair:2   | 11862 ||| Stepping ~*~*~tactically~*~*~ (stealth).
 11866 | Lair:2   | 11866 ||| Stepping ~*~*~tactically~*~*~ (hiding).
 11871 | Lair:2   | 11871 ||| INVOKING Heroism.
 11878 | Lair:2   | Identified the +9 mace of the End of Times {vorpal, rN+}
                  | (Okawaru gifted it to you on level 2 of the Lair of Beasts)
 11878 | Lair:2   | Received a gift from Okawaru
 11944 | Lair:2   | 11944 ||| READING scroll of enchant armour.
 11944 | Lair:2   | 11944 ||| ENCHANTING +0 helmet.
 11980 | Lair:2   | Found a hole to the Spider Nest.
 11981 | Lair:2   | 11981 ||| INVOKING Heroism.
 11982 | Lair:2   | 11982 ||| Stepping ~*~*~tactically~*~*~ (stealth).
 11984 | Lair:2   | 11984 ||| Stepping ~*~*~tactically~*~*~ (stealth).
 12110 | Lair:2   | 12110 ||| INVOKING Heroism.
 12113 | Lair:2   | Noticed Prince Ribbit
 12122 | Lair:2   | Killed Prince Ribbit
 12472 | Lair:2   | 12472 ||| Stepping ~*~*~tactically~*~*~ (stealth).
 12473 | Lair:2   | 12473 ||| Stepping ~*~*~tactically~*~*~ (hiding).
 12591 | Lair:2   | Reached skill level 13 in Axes
 12642 | Lair:2   | Noticed a four-headed hydra
 12643 | Lair:2   | 12643 ||| INVOKING Heroism.
 12644 | Lair:2   | 12644 ||| INVOKING Finesse.
 12646 | Lair:2   | 12646 ||| SWAPPING to -1 morningstar.
 12656 | Lair:2   | Killed a four-headed hydra
 12657 | Lair:2   | 12657 ||| SWAPPING to +2 war axe of draining.
 12713 | Lair:2   | 12713 ||| INVOKING Heroism.
 12726 | Lair:2   | Reached XP level 13. HP: 82/82 MP: 18/20
 12942 | Lair:2   | 12942 ||| INVOKING Heroism.
 13202 | Lair:2   | Found a staircase to the Shoals.
 13394 | Lair:3   | 13394 ||| Stepping ~*~*~tactically~*~*~ (stealth).
 13396 | Lair:3   | 13396 ||| INVOKING Heroism.
 13406 | Lair:3   | Identified the +0 buckler of Modesty {Int+4} (Okawaru
                  | gifted it to you on level 3 of the Lair of Beasts)
 13406 | Lair:3   | Received a gift from Okawaru
 13525 | Lair:3   | 13525 ||| Stepping ~*~*~tactically~*~*~ (stealth).
 13529 | Lair:3   | 13529 ||| INVOKING Heroism.
 13538 | Lair:3   | Reached skill level 14 in Axes
 13661 | Lair:3   | 13661 ||| Stepping ~*~*~tactically~*~*~ (stealth).
 13676 | Lair:3   | 13676 ||| Stepping ~*~*~tactically~*~*~ (stealth).
 13830 | Lair:3   | Noticed Snorg
 13831 | Lair:3   | 13831 ||| INVOKING Heroism.
 13832 | Lair:3   | 13832 ||| INVOKING Finesse.
 13846 | Lair:3   | Killed Snorg
 13901 | Lair:3   | You fall into a shaft and drop 1 floor!
 13921 | Lair:4   | 13921 ||| INVOKING Heroism.
 14035 | Lair:4   | 14035 ||| UPGRADING to +0 cloak.
 14048 | Lair:4   | 14048 ||| DROPPING +0 buckler of Modesty {Int+4}.
 14057 | Lair:3   | Noticed Fannar
 14072 | Lair:3   | 14072 ||| INVOKING Heroism.
 14081 | Lair:3   | Killed Fannar
 14254 | Lair:3   | Noticed Rupert
 14255 | Lair:3   | 14255 ||| INVOKING Heroism.
 14256 | Lair:3   | 14256 ||| DRINKING 4 potions of curing.
 14256 | Lair:3   | 14256 ||| (to cure confusion)
 14256 | Lair:3   | Paralysed by Rupert for 5 turns
 14261 | Lair:3   | 14261 ||| INVOKING Finesse.
 14272 | Lair:3   | 14272 ||| DRINKING 3 potions of curing.
 14272 | Lair:3   | 14272 ||| (to cure confusion)
 14286 | Lair:3   | Killed Rupert
 14453 | Lair:3   | 14453 ||| Stepping ~*~*~tactically~*~*~ (stealth).
 14746 | Lair:4   | 14746 ||| INVOKING Heroism.
 14905 | Lair:4   | Found a viscous altar of Jiyva.
 14905 | Lair:4   | Found a staircase to the Slime Pits.
 14909 | Lair:4   | 14909 ||| INVOKING Heroism.
 15388 | Lair:4   | 15388 ||| READING scroll labelled EFAITI DECHE.
 15393 | Lair:5   | Entered Level 5 of the Lair of Beasts
 15397 | Lair:5   | 15397 ||| STAIRDANCE
 15450 | Lair:5   | 15450 ||| Stepping ~*~*~tactically~*~*~ (stealth).
 15451 | Lair:5   | 15451 ||| Stepping ~*~*~tactically~*~*~ (stealth).
 15452 | Lair:5   | 15452 ||| Stepping ~*~*~tactically~*~*~ (stealth).
 15453 | Lair:5   | 15453 ||| INVOKING Heroism.
 15523 | Lair:5   | 15523 ||| INVOKING Heroism.
 15529 | Lair:5   | 15529 ||| Stepping ~*~*~tactically~*~*~ (stealth).
 15546 | Lair:5   | 15546 ||| INVOKING Finesse.
 15557 | Lair:5   | 15557 ||| SWAPPING to -1 morningstar.
 15558 | Lair:5   | 15558 ||| Stepping ~*~*~tactically~*~*~ (outnumbered).
 15559 | Lair:5   | 15559 ||| Stepping ~*~*~tactically~*~*~ (outnumbered).
 15560 | Lair:5   | 15560 ||| Stepping ~*~*~tactically~*~*~ (outnumbered).
 15561 | Lair:5   | 15561 ||| Stepping ~*~*~tactically~*~*~ (outnumbered).
 15563 | Lair:5   | 15563 ||| Stepping ~*~*~tactically~*~*~ (outnumbered).
 15564 | Lair:5   | 15564 ||| Stepping ~*~*~tactically~*~*~ (outnumbered).
 15565 | Lair:5   | 15565 ||| INVOKING Heroism.
 15566 | Lair:5   | 15566 ||| Stepping ~*~*~tactically~*~*~ (outnumbered).
 15567 | Lair:5   | 15567 ||| Stepping ~*~*~tactically~*~*~ (outnumbered).
 15568 | Lair:5   | 15568 ||| Stepping ~*~*~tactically~*~*~ (outnumbered).
 15571 | Lair:5   | 15571 ||| Stepping ~*~*~tactically~*~*~ (outnumbered).
 15573 | Lair:5   | 15573 ||| Stepping ~*~*~tactically~*~*~ (outnumbered).
 15578 | Lair:5   | 15578 ||| Stepping ~*~*~tactically~*~*~ (outnumbered).
 15582 | Lair:5   | 15582 ||| INVOKING Finesse.
 15594 | Lair:5   | 15594 ||| Stepping ~*~*~tactically~*~*~ (outnumbered).
 15595 | Lair:5   | 15595 ||| SWAPPING to +2 war axe of draining.
 15596 | Lair:5   | 15596 ||| INVOKING Heroism.
 15597 | Lair:5   | 15597 ||| SWAPPING to -1 morningstar.
 15598 | Lair:5   | 15598 ||| Stepping ~*~*~tactically~*~*~ (outnumbered).
 15601 | Lair:5   | 15601 ||| Stepping ~*~*~tactically~*~*~ (outnumbered).
 15609 | Lair:5   | HP: 21/84 [wolf spider (4)]
 15610 | Lair:5   | 15610 ||| READING 3 scrolls of teleportation.
 15611 | Lair:5   | 15611 ||| DRINKING 2 potions of heal wounds.
 15617 | Lair:5   | 15617 ||| SWAPPING to +2 war axe of draining.
 15624 | Lair:5   | Reached skill level 15 in Axes
 15635 | Lair:5   | Gained mutation: Your large and strong wings let you fly.
                  | [Gargoyle growth]
 15635 | Lair:5   | Reached XP level 14. HP: 25/90 MP: 13/21
 15817 | Lair:5   | 15817 ||| Stepping ~*~*~tactically~*~*~ (stealth).
 15826 | Lair:5   | 15826 ||| INVOKING Heroism.
 15827 | Lair:5   | 15827 ||| INVOKING Finesse.
 15833 | Lair:5   | 15833 ||| SWAPPING to -1 morningstar.
 15844 | Lair:5   | 15844 ||| SWAPPING to +2 war axe of draining.
 15882 | Lair:5   | Noticed a dire elephant
 15882 | Lair:5   | Noticed a dire elephant
 15890 | Lair:5   | 15890 ||| Stepping ~*~*~tactically~*~*~ (stealth).
 15893 | Lair:5   | 15893 ||| Stepping ~*~*~tactically~*~*~ (stealth).
 15894 | Lair:5   | 15894 ||| INVOKING Heroism.
 15897 | Lair:5   | 15897 ||| Stepping ~*~*~tactically~*~*~ (stealth).
 15988 | Lair:5   | Received a gift from Okawaru
 15997 | Lair:5   | 15997 ||| Stepping ~*~*~tactically~*~*~ (stealth).
 15999 | Lair:5   | 15999 ||| Stepping ~*~*~tactically~*~*~ (stealth).
 16087 | Lair:5   | 16087 ||| INVOKING Heroism.
 16104 | Lair:5   | Reached skill level 12 in Fighting
 16142 | Lair:5   | 16142 ||| INVOKING Heroism.
 16143 | Lair:5   | 16143 ||| INVOKING Finesse.
 16147 | Lair:5   | 16147 ||| SWAPPING to -1 morningstar.
 16159 | Lair:5   | 16159 ||| SWAPPING to +2 war axe of draining.
 16690 | Lair:5   | 16690 ||| INVOKING Heroism.
 16708 | Lair:5   | Killed a dire elephant
 16718 | Lair:5   | Killed a dire elephant
 16724 | Lair:5   | HP: 15/92 [dire elephant simulacrum (15)]
 16725 | Lair:5   | 16725 ||| READING 3 scrolls of teleportation.
 16726 | Lair:5   | 16726 ||| DRINKING potion of heal wounds.
 16950 | Lair:5   | 16950 ||| Stepping ~*~*~tactically~*~*~ (hiding).
 16954 | Lair:5   | 16954 ||| INVOKING Heroism.
 16954 | Lair:5   | Noticed a dire elephant
 16955 | Lair:5   | 16955 ||| INVOKING Finesse.
 16984 | Lair:5   | Killed a dire elephant
 16991 | Lair:5   | 16991 ||| Stepping ~*~*~tactically~*~*~ (stealth).
 17060 | Lair:5   | 17060 ||| INVOKING Heroism.
 17087 | Lair:5   | Reached skill level 16 in Axes
 17272 | Lair:5   | 17272 ||| Stepping ~*~*~tactically~*~*~ (stealth).
 17325 | Lair:5   | 17325 ||| INVOKING Heroism.
 17326 | Lair:5   | 17326 ||| INVOKING Finesse.
 17327 | Lair:5   | 17327 ||| INVOKING Finesse.
 17329 | Lair:5   | 17329 ||| Stepping ~*~*~tactically~*~*~ (hiding).
 17405 | Lair:5   | 17405 ||| INVOKING Finesse.
 17438 | Lair:5   | 17438 ||| INVOKING Heroism.
 17706 | Lair:5   | Identified the +4 halberd of the Brewing Wasp {vorpal, rC+
                  | rCorr}
 17707 | Lair:5   | 17707 ||| PLANNING D
 17707 | Lair:5   | 17707 ||| DROPPING +0 pair of gloves of strength.
 17708 | Lair:5   | 17708 ||| DROPPING ring of magical power.
 17889 | D:12     | 17889 ||| INVOKING Heroism.
 17890 | D:12     | 17890 ||| INVOKING Finesse.
 18141 | D:12     | 18141 ||| INVOKING Heroism.
 18239 | D:12     | Reached skill level 3 in Dodging
 18325 | D:12     | 18325 ||| INVOKING Heroism.
 18334 | D:12     | Received a gift from Okawaru
 18358 | D:12     | 18358 ||| SWAPPING to +5 broad axe of draining.
 18359 | D:12     | 18359 ||| DROPPING +1 war axe of freezing.
 18360 | D:12     | 18360 ||| DROPPING +2 war axe of draining.
 18481 | D:12     | 18481 ||| UPGRADING to +0 pair of boots.
 18525 | D:13     | 18525 ||| Stepping ~*~*~tactically~*~*~ (stealth).
 18527 | D:13     | 18527 ||| INVOKING Heroism.
 18565 | D:13     | 18565 ||| READING scroll of enchant armour.
 18565 | D:13     | 18565 ||| ENCHANTING +1 helmet.
 18590 | D:13     | 18590 ||| INVOKING Heroism.
 18694 | D:13     | 18694 ||| Stepping ~*~*~tactically~*~*~ (hiding).
 18706 | D:13     | 18706 ||| FLEEEEING.
 18707 | D:13     | 18707 ||| FLEEEEING.
 18708 | D:13     | 18708 ||| FLEEEEING.
 18709 | D:13     | 18709 ||| FLEEEEING.
 18718 | D:13     | 18718 ||| FLEEEEING.
 18719 | D:13     | 18719 ||| FLEEEEING.
 18720 | D:13     | 18720 ||| FLEEEEING.
 18727 | D:13     | 18727 ||| FLEEEEING.
 18728 | D:13     | 18728 ||| FLEEEEING.
 18729 | D:13     | 18729 ||| FLEEEEING.
 18730 | D:13     | 18730 ||| Stepping ~*~*~tactically~*~*~ (hiding).
 18731 | D:13     | 18731 ||| Stepping ~*~*~tactically~*~*~ (hiding).
 18734 | D:13     | 18734 ||| Stepping ~*~*~tactically~*~*~ (hiding).
 18735 | D:13     | 18735 ||| Stepping ~*~*~tactically~*~*~ (hiding).
 18739 | Abyss:3  | Found a corrupted altar of Lugonu.
 18739 | Abyss:3  | Cast into level 3 of the Abyss (a wizard)
 18829 | Abyss:3  | Noticed a lich
 18830 | Abyss:3  | 18830 ||| Stepping ~*~*~tactically~*~*~ (stealth).
 18843 | Abyss:3  | 18843 ||| Stepping ~*~*~tactically~*~*~ (stealth).
 18844 | Abyss:3  | 18844 ||| INVOKING Heroism.
 18845 | Abyss:3  | 18845 ||| INVOKING Finesse.
 18853 | Abyss:3  | 18853 ||| Stepping ~*~*~tactically~*~*~ (hiding).
 18860 | Abyss:3  | Reached skill level 12 in Armour
 18860 | Abyss:3  | HP: 19/92 [disintegration (25)]
 18861 | Abyss:3  | 18861 ||| READING 2 scrolls of teleportation.
 18862 | Abyss:3  | 18862 ||| DRINKING 2 potions of heal wounds.
 18866 | Abyss:3  | HP: 3/92 [something/bolt of cold (25)]
 18869 | Abyss:3  | Killed from afar by a lich

Levels and vault maps discovered:
D:1:      dpeg_arrival_circle_labyrinth_c, layout_basic, roderic_lattice_a
D:2:      layout_rooms, nicolae_ecumenical_pavilion, grunt_ministairs_9,
          minmay_misc_feat_square
D:3:      layout_basic, lemuel_doored_altar, kennysheep_generic_room_6
D:4:      dreamdust_elfheim, layout_basic
D:5:      layout_rooms, pf_just_have_faith
D:6:      old_forge, layout_basic, serial_shops, nicolae_shop_statue_plus,
          minmay_stone_trees_medium, minmay_strange_pillars, abandoned_shop
D:7:      layout_basic, gammafunk_temple_overflow_forgotten, temple_green,
          abandoned_shop, minivault_23, grunt_ministairs_1
D:8:      layout_loops_ring, serial_rivers, chequers_serial_rivers_micro_b,
          chequers_serial_rivers_small_3, chequers_serial_rivers_small_3,
          chequers_serial_rivers_micro_c
D:9:      layout_roguey, orc_0_dummy, minmay_statue_crystal_thing
D:10:     layout_layer_cave
D:11:     layout_irregular_city, erik_lair_island
D:12:     layout_gridville
D:13:     layout_rooms, david_vaults_1
Temple:   hellmonk_temple_divided_pantheon
Lair:1:   layout_cave_pods, nicolae_volcano_entry_vermiform
Lair:2:   layout_cave_pods, elwin_shoals_entry_rooms,
          nicolae_spider_entry_tight_spaces, infiniplex_staircase_pool_2,
          lemuel_fruit_tree, lemuel_fruit_fields, uniq_prince_ribbit2,
          uniq_gastronok
Lair:3:   layout_regular_city, lemuel_fruit_fields, grunt_megastairs_4,
          lemuel_fruit_fields, serial_bayou_shore_a, uniq_rupert, uniq_fannar,
          uniq_snorg
Lair:4:   layout_cellular_growth, slime_entry_1, portal_ice_cave_entry_imps
Lair:5:   due_jungle_book, layout_long_grid, serial_bayou_ford_a,
          nicolae_lair_run_with_the_wolves
Abyss:3:  base: Lair:3, nicolae_abyss_rune_star_stuff

Skill      XL: |  1  2  3  4  5  6  7  8  9 10 11 12 13 14 |
---------------+-------------------------------------------+-----
Axes           | 2 3 4 5 6 7 8 10 11 12 13 15 16 | 16.0
Fighting       | 4 5 6 7 8 9 10 11 12 | 12.0
Throwing       | 1 2 3 |  3.0
Dodging        | 1 2 3 |  3.0
Armour         | 6 7 8 9 10 12 | 12.0
Shields        | 4 5 6 7 8 |  8.1
Invocations    | 4 7 10 | 10.0

Action                   |  1- 3 |  4- 6 |  7- 9 | 10-12 | 13-15 || total
-------------------------+-------+-------+-------+-------+-------++-------
Melee: War axe           |    98 |   182 |   307 |   478 |   808 ||  1873
       Morningstar       |       |       |       |     8 |    55 ||    63
       Broad axe         |       |       |       |       |    63 ||    63
Throw: Javelin           |       |     2 |    33 |    20 |       ||    55
       Boomerang         |       |       |       |    57 |    78 ||   135
Invok: Heroism           |       |       |       |    34 |    28 ||    62
       Finesse           |       |       |       |     1 |    11 ||    12
  Use: Scroll            |     4 |     5 |     6 |     8 |     5 ||    28
       Potion            |       |     3 |     2 |     1 |     5 ||    11
 Stab: Petrifying        |       |       |       |       |     1 ||     1
Armor: Scale mail        |    47 |   106 |       |       |       ||   153
       Chain mail        |       |    31 |   105 |       |       ||   136
       Plate armour      |       |       |   125 |   278 |   467 ||   870
Dodge: Dodged            |    48 |    73 |   100 |   146 |   252 ||   619
Block: Buckler           |    19 |    33 |    50 |   145 |   260 ||   507

Table legend:
 A = Non-vault XP
 B = Vault XP
 C = Vault XP percentage of total XP
 D = Non-vault monster count
 E = Vault monster count
 F = Vault count percentage of total count
                 A         B        C        D         E       F
            +---------+---------+-------+---------+---------+-------
      Total |   59755 |   23928 |  28.6 |     409 |      96 |  19.0
            +---------+---------+-------+---------+---------+-------
        D:1 |      31 |       0 |   0.0 |      17 |       0 |   0.0
        D:2 |      98 |      14 |  12.5 |      28 |       2 |   6.7
        D:3 |     120 |      17 |  12.4 |      16 |       3 |  15.8
        D:4 |      91 |     202 |  68.9 |       5 |       2 |  28.6
        D:5 |     906 |       0 |   0.0 |      19 |       0 |   0.0
        D:6 |     644 |     629 |  49.4 |      15 |      15 |  50.0
        D:7 |    1203 |      11 |   0.9 |      25 |       1 |   3.8
        D:8 |    2590 |       0 |   0.0 |      23 |       0 |   0.0
        D:9 |    2369 |       0 |   0.0 |      33 |       0 |   0.0
       D:10 |    2843 |       0 |   0.0 |      20 |       0 |   0.0
       D:11 |    3848 |     708 |  15.5 |      18 |       8 |  30.8
       D:12 |    3866 |       0 |   0.0 |      14 |       0 |   0.0
       D:13 |    2702 |     307 |  10.2 |      13 |       1 |   7.1
     Lair:1 |    5455 |     658 |  10.8 |      23 |       1 |   4.2
     Lair:2 |    7131 |    4437 |  38.4 |      36 |      14 |  28.0
     Lair:3 |    5401 |    3800 |  41.3 |      19 |       4 |  17.4
     Lair:4 |    2784 |     122 |   4.2 |      11 |      12 |  52.2
     Lair:5 |   15996 |   13023 |  44.9 |      67 |      33 |  33.0
    Abyss:3 |    1677 |       0 |   0.0 |       7 |       0 |   0.0
            +---------+---------+-------+---------+---------+-------
